Map: Galactic Process LE

Players

Trizztein

  • Race: Terran Terran
  • League: Diamond

SpaceManSpFF - Winner!

  • Race: Terran Terran
  • League: Diamond

VOD

Have the link to the VOD?

Description

Time

  • Played on: Aug. 4, 2016, 7:09 a.m.
  • Length: 23:20
Show
View Real Time Build Order
Export as new Build Order

Trizztein Terran 

Build Orders: Reaper Expand, MMM Bio 

Get SALT Encoding   

  12  0:01  SCV  
  13  0:13  SCV  
  14  0:18  Supply Depot  
  14  0:25  SCV  
  15  0:39  SCV  
  15  0:42  Barracks  
  16  0:46  Refinery  
  16  0:51  SCV  
  17  1:04  SCV  
  18  1:16  SCV  
  19  1:32  Orbital Command, Reaper  
  20  1:47  Command Center  
  20  1:58  SCV  
  20  2:00  Supply Depot  
  21  2:07  Barracks Reactor  
  21  2:10  SCV  
  21  2:28  SCV  
  22  2:38  Command Center  
  22  2:42  SCV  
  23  2:59  Orbital Command  
  23  3:03  SCV  
  23  3:04  Marine x2  
  25  3:06  Factory  
  25  3:15  SCV  
  26  3:22  Marine x2, Bunker  
  26  3:26  SCV  
  29  3:27  SCV  
  30  3:38  SCV  
  30  3:39  SCV  
  30  3:40  Marine x2  
  34  3:51  SCV x2  
  34  3:55  Orbital Command  
  36  3:56  Factory Tech Lab  
  36  4:00  Supply Depot  
  36  4:03  SCV x2  
  36  4:04  Starport, Marine x2  
  40  4:15  SCV  
  40  4:16  SCV  
  42  4:20  Engineering Bay  
  42  4:27  SCV x2, Marine x2  
  42  4:28  Cyclone  
  42  4:31  SCV  
  50  4:39  SCV  
  50  4:41  Viking  
  50  4:43  SCV x2  
  50  4:45  Marine x2  
  57  4:51  SCV  
  58  4:55  SCV, Supply Depot  
  58  4:57  Missile Turret  
  58  4:58  Missile Turret  
  59  5:06  SCV  
  60  5:07  Refinery  
  60  5:08  SCV  
  60  5:09  SCV  
  60  5:10  Refinery  
  62  5:15  Barracks x2  
  62  5:19  SCV  
  63  5:22  Supply Depot, Terran Infantry Weapons Level 1  
  63  5:23  SCV  
  63  5:25  SCV  
  65  5:29  Refinery  
  65  5:31  SCV  
  65  5:35  SCV  
  67  5:39  SCV  
  68  5:43  SCV  
  68  5:44  Medivac  
  68  5:47  SCV  
  72  5:50  Barracks, Marine  
  72  5:51  Barracks, Marine  
  72  5:52  SCV  
  72  5:55  SCV  
  73  6:08  Marine x2  
  75  6:13  SCV  
  75  6:15  Barracks Tech Lab x2  
  75  6:22  SCV x2  
  76  6:30  Orbital Command  
  75  6:36  SCV  
  76  6:40  Missile Turret  
  76  6:43  SCV  
  77  6:48  SCV, Combat Shields  
  77  6:49  Stimpack  
  77  6:53  Supply Depot  
  78  6:55  SCV  
  78  6:57  Missile Turret  
  78  6:58  Barracks Reactor x2  
  78  7:00  SCV  
  80  7:04  Marine x3  
  80  7:05  Starport Reactor  
  80  7:07  SCV x2  
  85  7:13  Refinery  
  85  7:14  SCV, Marine, Siege Tank  
  85  7:15  Refinery, Supply Depot  
  90  7:17  Supply Depot, Terran Infantry Armor Level 1  
  90  7:18  Supply Depot  
  90  7:19  SCV  
  90  7:20  SCV  
  90  7:22  Marine x3  
  95  7:26  Sensor Tower, SCV  
  96  7:31  SCV  
  96  7:32  Marine  
  96  7:35  SCV  
  99  7:38  SCV, Marine x4  
  99  7:39  Marine  
  99  7:40  Marine x2  
  99  7:41  Supply Depot  
  99  7:42  Supply Depot  
  99  7:43  Supply Depot  
  108  7:49  Marine  
  108  7:56  Marine x3  
  108  7:57  Marine  
  108  7:58  Marine x3  
  112  8:01  Medivac  
  112  8:02  Medivac  
  119  8:06  Siege Tank  
  119  8:07  Marine  
  119  8:10  Factory  
  123  8:13  Marine x2  
  123  8:17  Marauder  
  123  8:18  Factory  
  127  8:26  Marauder  
  129  8:27  Marine x3  
  129  8:28  Marine  
  129  8:31  Marine x2  
  129  8:32  Supply Depot  
  135  8:36  Supply Depot  
  135  8:37  Marine  
  135  8:41  Barracks  
  136  8:43  Command Center  
  136  8:44  Barracks  
  136  8:45  Marine  
  136  8:46  Supply Depot  
  137  8:55  Factory Tech Lab, Marauder  
  139  8:56  Marauder  
  139  8:57  Barracks Tech Lab  
  139  9:02  Factory Tech Lab, Supply Depot  
  141  9:03  Siege Tank  
  144  9:15  Starport, Marine x2  
  144  9:16  Marauder, Marine  
  149  9:17  Starport, Marauder  
  149  9:19  Barracks Tech Lab  
  151  9:25  Supply Depot  
  151  9:28  Armory  
  151  9:33  Marine x3, Engineering Bay  
  151  9:35  Siege Tank x2  
  151  9:37  Marine  
  161  9:39  Marauder x2  
  161  9:40  Barracks Tech Lab x2  
  165  9:52  Marauder  
  167  9:55  SCV x2, Marauder  
  171  10:00  Marauder  
  171  10:04  Marauder, Marine  
  171  10:05  Marauder x2, Marine  
  171  10:06  Siege Tank  
  184  10:12  Sensor Tower  
  184  10:14  Terran Infantry Weapons Level 2  
  184  10:15  Refinery, Terran Infantry Armor Level 2  
  184  10:17  Refinery  
  184  10:21  Planetary Fortress  
  184  10:29  Marine x6  
  184  10:34  Marine x2  
  184  10:35  Concussive Shells  
  192  10:47  Terran Vehicle Weapons Level 1, Marauder x3, Marine  
  199  11:02  Marine  
  191  11:24  Marine x5  
  194  11:29  Marine, Siege Tank x2  
  194  11:31  Command Center  
  200  11:35  Barracks Tech Lab  
  123  11:55  Marine x6  
  123  11:56  Siege Tank  
  110  12:01  Siege Tank  
  110  12:04  Viking x2  
  110  12:07  Viking x3  
  114  12:28  Viking  
  114  12:34  Viking  
  116  12:40  Hellion x2  
  116  12:42  Terran Infantry Weapons Level 3, Terran Infantry Armor Level 3  
  122  12:44  Marauder x3  
  122  12:45  Marauder x3, Marine x2  
  133  13:02  Marine  
  133  13:03  Marine  
  133  13:05  Marine x3  
  122  13:10  Marine x3  
  107  13:20  Marine x2  
  107  13:24  Marine x3  
  107  13:26  Siege Tank  
  101  13:27  Marine  
  101  13:28  Marauder x2  
  104  13:38  Marine x2  
  95  13:42  Marauder, Marine x2  
  95  13:45  Marine  
  99  13:49  Marine x2  
  98  13:56  Marine x2  
  98  13:59  Marine x2  
  102  14:03  Marine x2  
  102  14:05  SCV x2  
  102  14:07  Marine x2  
  108  14:14  Marine x2  
  110  14:17  Marine x2  
  110  14:21  SCV, Marine x2  
  115  14:24  Marine  
  116  14:31  Refinery  
  116  14:32  Refinery  
  116  14:33  Marine  
  116  14:35  Marine  
  118  14:44  Marauder, Marine  
  118  14:45  Marauder  
  123  14:55  Marine x4  
  127  15:04  Marine  
  127  15:05  Marine x2, Viking x2  
  135  15:13  Marine x4  
  128  15:17  Orbital Command  
  96  15:22  Marine  
  96  15:23  Marine x2  
  90  15:31  Marine x4  
  94  15:39  Marine  
  94  15:41  Marine x2  
  97  15:43  SCV  
  97  15:44  SCV x2  
  97  15:48  Marine x2  
  97  15:49  Marauder, Marine  
  105  15:55  Viking x2  
  105  15:56  SCV x3  
  112  15:57  Marine  
  112  15:59  Marine x2  
  112  16:02  Planetary Fortress  
  115  16:06  Marine x2  
  115  16:07  Marauder  
  115  16:08  SCV x2  
  115  16:10  Medivac, Marine  
  124  16:12  Medivac  
  126  16:33  Medivac, Viking  
  126  16:34  Marine x4, Viking  
  126  16:35  Marauder x2, Marine  
  141  16:45  SCV x2  
  141  16:46  SCV  
  144  16:57  SCV  
  144  16:58  SCV  
  141  17:03  Marine x4  
  141  17:04  Marauder x2, Marine  
  110  17:21  Marine x5  
  110  17:22  Siege Tank x3  
  114  17:23  Medivac  
  114  17:25  Marine x2  
  113  17:36  Viking x2  
  113  17:37  Viking  
  113  17:39  Marine x3  
  116  17:46  Marauder x2, Marine  
  118  18:00  Marine  
  118  18:01  Marine x3  
  118  18:04  Marine  
  118  18:05  Viking x2  
  127  18:19  Marine x3  
  128  18:20  Marine x3  
  128  18:24  Marine  
  134  18:37  Marine x5  
  134  18:38  Marine  
  136  18:42  Marine  
  137  18:49  SCV  
  137  18:53  SCV  
  137  18:54  SCV  
  137  18:55  Marine x4  
  142  18:56  Marauder x2  
  142  19:00  Marine  
  142  19:01  SCV  
  150  19:05  SCV  
  150  19:08  Viking  
  150  19:09  Viking x2  
  157  19:12  Siege Tank  
  157  19:13  Marine x3  
  157  19:14  Marauder  
  157  19:17  Marauder, Marine  
  162  19:18  Marauder  
  166  19:31  Marine x2  
  139  19:41  Marine x4  
  139  19:43  Marine  
  115  19:48  Marine x2  
  94  19:58  Marine x2, Siege Tank x2  
  94  19:59  Marine x2  
  104  20:01  Marine  
  104  20:06  Marine x2  
  107  20:08  Sensor Tower  
  107  20:18  Viking x3  
  107  20:19  Marine x2  
  107  20:20  Medivac x2, Marauder  
  120  20:21  Marine x2  
  120  20:24  Marine x2  
  94  20:36  Marine  
  94  20:37  Marine  
  94  20:39  Marine  
  94  20:40  Marauder  
  94  20:41  Marauder  
  94  20:42  Marine x2  
  103  20:45  Siege Tank  
  103  20:48  Orbital Command  
  106  20:51  Refinery, SCV  
  106  20:52  Refinery  
  106  20:54  Marine  
  106  20:55  Marauder  
  110  20:57  Marine  
  110  21:01  Marauder  
  110  21:03  Marauder  
  115  21:04  Marine x2  
  105  21:12  Marine  
  105  21:15  Marauder  
  105  21:16  Marauder  
  104  21:22  Marauder  
  104  21:24  Marauder  
  105  21:29  Marine x2  
  105  21:31  Marauder  
  105  21:36  Marine  
  105  21:37  Marine  
  106  21:43  Marine  
  106  21:45  Marauder, Viking x2  
  113  21:50  Orbital Command  
  113  21:52  Marauder  
  115  21:54  Marauder  
  115  21:55  Marauder, Marine x2  
  115  21:56  Refinery  
  115  22:01  Refinery  
  121  22:02  Marauder  
  121  22:06  Marine  
  124  22:13  Marauder, Marine  
  127  22:16  Marauder  
  127  22:17  Marauder  
  127  22:21  Bunker  
  131  22:23  Marauder  
  131  22:28  Viking x2  
  137  22:46  Marauder x3, Marine x4  
Show
View Real Time Build Order
Export as new Build Order

SpaceManSpFF Terran - Winner!

Build Orders: Mech 

Get SALT Encoding   

  12  0:01  SCV  
  13  0:13  SCV  
  14  0:18  Supply Depot  
  14  0:25  SCV  
  15  0:40  SCV  
  16  0:43  Barracks  
  16  0:48  Refinery  
  16  0:52  SCV  
  17  1:04  SCV  
  18  1:16  SCV  
  19  1:29  Orbital Command  
  19  1:34  Reaper  
  19  1:37  Refinery  
  20  1:43  Supply Depot  
  20  1:56  SCV  
  21  2:12  SCV  
  22  2:21  Barracks Reactor  
  22  2:22  Command Center  
  22  2:24  SCV  
  22  2:25  Supply Depot  
  23  2:35  Factory  
  23  2:38  SCV  
  24  2:50  SCV  
  25  3:03  SCV, Marine x2  
  28  3:13  Engineering Bay  
  28  3:15  SCV  
  28  3:16  Bunker  
  29  3:27  SCV  
  29  3:28  Starport  
  29  3:30  Barracks Tech Lab  
  30  3:37  Orbital Command  
  30  3:39  SCV  
  31  3:51  SCV  
  32  3:59  Missile Turret  
  32  4:02  Hellion x2  
  36  4:03  SCV  
  36  4:05  Barracks Tech Lab  
  36  4:09  SCV  
  38  4:14  Cloaking Field  
  38  4:15  SCV  
  39  4:18  Banshee  
  39  4:21  SCV  
  43  4:30  SCV  
  44  4:33  SCV  
  44  4:37  Factory  
  45  4:42  SCV  
  46  4:45  SCV  
  46  4:48  Supply Depot  
  47  4:54  SCV  
  47  4:58  SCV  
  49  5:01  Banshee  
  49  5:06  SCV  
  53  5:07  Siege Tank  
  53  5:08  Missile Turret  
  53  5:10  Refinery, SCV  
  57  5:28  Command Center  
  57  5:30  SCV x2  
  59  5:42  SCV x2  
  61  5:44  Siege Tank  
  61  5:45  Hellion x2  
  68  5:54  SCV x2  
  70  5:59  Supply Depot  
  70  6:08  Hellion  
  70  6:09  SCV  
  70  6:16  Supply Depot  
  70  6:17  Supply Depot  
  70  6:21  SCV x2, Hellion, Siege Tank  
  76  6:32  Hellion  
  76  6:33  SCV x2  
  76  6:37  Refinery  
  76  6:39  Supply Depot  
  78  6:43  Orbital Command, Hellion  
  78  6:44  Factory  
  78  6:45  Factory, Barracks Tech Lab  
  80  6:47  Factory  
  80  6:48  Barracks Reactor  
  80  6:49  Raven  
  80  6:53  Siege Tank  
  87  6:54  Hellion  
  87  6:55  SCV x2  
  89  7:03  Sensor Tower  
  89  7:05  Hellion  
  89  7:07  SCV x2  
  95  7:15  Hellion  
  95  7:17  Missile Turret  
  95  7:19  Missile Turret x2  
  95  7:25  Missile Turret  
  95  7:27  Siege Tank  
  95  7:29  Factory Tech Lab  
  98  7:30  Factory Tech Lab  
  98  7:31  Orbital Command  
  98  7:34  Factory Tech Lab, Missile Turret  
  98  7:35  Hellion  
  100  7:43  SCV x2  
  102  7:47  Supply Depot  
  102  7:49  Armory  
  102  7:55  SCV x2  
  102  7:58  Infernal Pre-Igniter  
  104  8:00  Siege Tank  
  104  8:02  Hellion  
  104  8:05  SCV  
  110  8:07  SCV  
  111  8:18  Refinery  
  111  8:19  Viking  
  113  8:20  Refinery  
  113  8:22  Viking  
  116  8:27  SCV x2  
  116  8:28  Supply Depot  
  117  8:39  Terran Vehicle Weapons Level 1  
  117  8:43  Armory  
  117  8:52  Command Center, Viking x2  
  117  8:54  Siege Tank  
  124  9:00  Supply Depot  
  124  9:02  Supply Depot  
  124  9:07  Siege Tank  
  124  9:08  Hellion x2  
  133  9:10  Hellion  
  133  9:21  Viking  
  133  9:22  Starport  
  135  9:26  Barracks Reactor  
  135  9:28  Siege Tank  
  135  9:29  Hellion x2  
  142  9:34  Terran Vehicle And Ship Armor Level 1  
  142  9:43  Supply Depot x2, Viking  
  144  9:51  Viking  
  144  9:52  Supply Depot  
  146  9:56  Liberator  
  146  9:59  Hellion x2  
  150  10:10  Supply Depot  
  153  10:19  Siege Tank x3  
  162  10:21  Missile Turret  
  162  10:22  Hellion x2  
  162  10:25  Planetary Fortress  
  166  10:38  Liberator x3  
  166  10:45  Command Center  
  166  10:46  Missile Turret  
  166  10:47  Missile Turret  
  166  10:49  Missile Turret  
  175  11:04  Siege Tank  
  175  11:05  Hellion  
  175  11:08  Hellion x3  
  175  11:10  Siege Tank  
  183  11:26  Hellion  
  183  11:29  Hellion, Siege Tank  
  187  11:33  Siege Tank  
  187  11:36  Hellion  
  167  11:42  Siege Tank  
  151  11:47  Hellion  
  151  11:51  Hellion  
  143  11:58  Hellion  
  143  12:00  Liberator  
  145  12:02  Hellion  
  145  12:05  Hellion  
  149  12:09  Terran Vehicle Weapons Level 2  
  149  12:12  Terran Vehicle And Ship Armor Level 2  
  149  12:14  Armory  
  152  12:33  Planetary Fortress  
  152  12:37  SCV  
  152  12:38  Command Center  
  152  12:40  Hellion  
  152  12:49  Siege Tank x2  
  128  13:20  Siege Tank  
  128  13:21  Hellion x2, Siege Tank x3  
  130  13:31  Viking  
  119  13:43  Hellion x2  
  117  13:53  Siege Tank x3, Hellion  
  128  14:05  Hellion x2  
  128  14:06  Liberator  
  128  14:07  Terran Ship Weapons Level 1  
  132  14:11  Missile Turret  
  132  14:12  Planetary Fortress  
  132  14:15  Refinery  
  132  14:19  Refinery  
  132  14:20  Viking x2  
  132  14:21  Viking  
  141  14:33  Liberator  
  141  14:40  Missile Turret  
  141  14:42  Missile Turret  
  141  14:43  Siege Tank  
  141  14:44  Hellion x5  
  157  15:07  Siege Tank x2  
  157  15:08  Hellion x3  
  166  15:16  Hellion  
  143  15:29  Hellion x2, Siege Tank  
  143  15:34  Liberator  
  141  15:37  Hellion  
  141  15:39  Hellion, Siege Tank  
  148  15:44  Building Armor  
  148  15:48  Refinery  
  148  15:51  Refinery, Hellion x2  
  155  15:58  Hellion  
  155  16:01  Liberator x2, Hellion  
  155  16:02  Hellion  
  161  16:11  Hellion  
  161  16:12  Hellion x2  
  161  16:17  Viking  
  175  16:20  Siege Tank  
  175  16:22  Hellion  
  175  16:23  Hellion  
  182  16:29  Command Center  
  182  16:33  Hellion  
  184  16:51  Viking x2  
  184  16:53  Missile Turret  
  129  17:28  Siege Tank x4  
  129  17:29  Hellion x2  
  145  17:46  Liberator x2  
  145  17:50  Hellion x2  
  149  18:00  Hellion, Siege Tank x2  
  149  18:03  Viking x2  
  167  18:06  Hellion  
  167  18:12  Hellion  
  171  18:15  Hellion  
  173  18:26  Liberator  
  173  18:27  Liberator  
  152  18:45  Siege Tank x2  
  152  18:46  Hellion  
  166  19:03  Missile Turret  
  166  19:12  Command Center  
  166  19:19  Terran Vehicle Weapons Level 3  
  120  19:46  Siege Tank  
  120  19:47  Siege Tank, Hellion x4  
  131  20:04  Terran Ship Weapons Level 2  
  131  20:08  Hellion x2, Siege Tank  
  138  20:19  Siege Tank x2  
  138  20:20  Liberator x2  
  146  20:21  Hellion  
  146  20:22  Liberator  
  146  20:29  Orbital Command  
  149  20:53  Siege Tank x2  
  155  20:57  Missile Turret  
  155  21:10  Siege Tank x2  
  155  21:11  Hellion  
  160  21:25  Siege Tank  
  160  21:26  Hellion, Siege Tank  
  160  21:32  Hellion  
  162  21:37  Viking  
  164  21:42  Hellion  
  164  21:44  Liberator x2  
  166  21:52  Refinery  
  166  21:54  Refinery  
  166  21:55  Refinery  
  166  21:59  Planetary Fortress  
  169  22:07  Siege Tank  
  175  22:12  Siege Tank  
  178  22:19  Refinery  
  178  22:21  Refinery  
  178  22:44  Siege Tank x4  
  187  22:45  Hellion  
Tags
 
Add a new tag
Caveats
  • Supply blocks, unpowered buildings, or Contaminate may cause inaccurate times.
  • Supply counts are checked every 10 seconds.